 Dungeon Crawl Stone Soup version 0.31-a0-150-g89dc3ad700 (webtiles) character file.

Game seed: 10062117105690200231

233 qw the Shooter (level 5, 0/47 HPs)
             Began as a Minotaur Hunter on June 8, 2023.
             Slain by a black bear (2 damage)
             ... on level 3 of the Dungeon.
             The game lasted 00:00:50 (1810 turns).

qw the Shooter (Minotaur Hunter)                    Turns: 1810, Time: 00:00:50

Health: 0/47       AC:  5    Str: 16    XL:     5   Next: 75%
Magic:  4/4        EV: 11    Int:  6    God:
Gold:   107        SH:  0    Dex: 15    Spells: 4/4 levels left

rFire   . . .        Y - +0 shortbow (drain)
rCold   . . .        (shield currently unavailable)
rNeg    . . .        i - +0 ring mail
rPois   .            (helmet restricted)
rElec   .            (no cloak)
rCorr   .            (no gloves)
SInv    .            (no boots)
Will    .....        (no amulet)
Stlth   +            (no ring)
HPRegen 0.27/turn    (no ring)
MPRegen 0.09/turn

%: no passive effects
@: about to teleport
A: horns 2, retaliatory headbutt
a: no special abilities


You were on level 3 of the Dungeon.
You visited 1 branch of the dungeon, and saw 4 of its levels.

You collected 107 gold pieces.


Innate Abilities, Weirdness & Mutations

You have a pair of horns on your head.
You reflexively headbutt those who attack you in melee.


   Skills:
 - Level 4.7 Fighting
 + Level 6.6 Ranged Weapons
 - Level 1.0 Armour
 - Level 2.1 Dodging
 - Level 0.7 Stealth


You had 4 spell levels left.
You didn't know any spells.
Your spell library was empty.

Inventory:

Hand Weapons
 Y - a +0 shortbow of draining (weapon)
Armour
 i - a +0 ring mail (worn)
Scrolls
 a - a scroll of identify
 c - a scroll of teleportation
Potions
 b - 2 potions of might
 e - a potion of curing
 f - a potion of berserk rage {unknown}

Dungeon Overview and Level Annotations

Branches:
Dungeon (4/15)             Temple (0/1) D:4

Altars:


Message History

The black bear bites you. The black bear completely misses you.
The black bear claws you but does no damage.
You shoot an arrow. The arrow barely misses the black bear.
The black bear barely misses you. The black bear claws you.
The black bear claws you but does no damage.
You shoot an arrow. The arrow barely misses the black bear.
The black bear bites you. The black bear closely misses you.
The black bear claws you but does no damage.
You shoot an arrow. The arrow hits the black bear.
You drain the black bear.
The black bear is heavily wounded.
The black bear bites you but does no damage.
The black bear closely misses you. x2
You shoot an arrow. The arrow barely misses the black bear.
The black bear bites you. The black bear closely misses you.
The black bear completely misses you.
You shoot an arrow. The arrow hits the black bear!
The black bear is severely wounded.
The black bear bites you but does no damage.
The black bear claws you. The black bear closely misses you.
The black bear bites you. The black bear closely misses you. x2
You shoot an arrow. The arrow barely misses the black bear.
The black bear goes berserk!
You shoot an arrow.
The arrow closely misses the black bear.
The black bear bites you. The black bear barely misses you.
The black bear claws you.
You shoot an arrow.
The arrow hits the black bear but does no damage.
The black bear is severely wounded.
The black bear bites you! The black bear claws you. The black bear misses you.
The black bear bites you. The black bear claws you.
The black bear claws you but does no damage.
1810 ||| READING 2 scrolls of teleportation.
As you read the scroll of teleportation, it crumbles to dust.
You feel strangely unstable.
The black bear bites you but does no damage.
The black bear closely misses you. x2; The black bear bites you.
The black bear claws you but does no damage.
The black bear claws you.
You die...

#......# #......# ####
#......# #... #......#
#... #......# #...
#####..##### #...
#..........# #####..
#..h.......# #.....#
#..@.......###.#####
#..%.......##..#
#..........##.##
#.............######
#############............
#.........#.....###.#####
#...........#.#..##....#
#.%........##<##...###.##
#.........###.####.###...


You could see a black bear (berserk, drained).

Vanquished Creatures
  A phantom (D:4)
  A scorpion (D:3)
  An iguana (D:3)
  An adder (D:3)
  A dart slug (D:1)
  5 bats
  9 endoplasms
  4 giant cockroaches
  5 goblins
  10 hobgoblins
  5 kobolds
  2 quokkas (D:3)
  8 ball pythons
  2 frilled lizards
  10 rats
65 creatures vanquished.

Notes
Turn   | Place    | Note
-------+----------+-------------------------------------------
     0 | D:1      | qw the Minotaur Hunter began the quest for the Orb.
     0 | D:1      | Reached XP level 1. HP: 18/18 MP: 0/0
     0 | D:1      | 0 ||| qw: Version: 0.2-a-119-g0488c42
     0 | D:1      | 0 ||| qw: Game counter: 2710
     0 | D:1      | 0 ||| qw: Always use a shield: true
     0 | D:1      | 0 ||| qw: God list: Okawaru
     0 | D:1      | 0 ||| qw: Allow faded altars: false
     0 | D:1      | 0 ||| qw: Do Orc after D:15 true
     0 | D:1      | 0 ||| qw: Do second Lair branch before Depths: true
     0 | D:1      | 0 ||| qw: Lair rune preference: random
     0 | D:1      | 0 ||| qw: Plans: Normal
     0 | D:1      | 0 ||| PLANNING D:1-11
    94 | D:1      | Reached XP level 2. HP: 25/25 MP: 1/1
   200 | D:1      | Reached skill level 5 in Ranged Weapons
   328 | D:1      | Reached skill level 3 in Fighting
   624 | D:1      | 624 ||| UPGRADING to +0 ring mail.
   634 | D:1      | 634 ||| DROPPING +0 leather armour.
   635 | D:1      | 635 ||| READING 3 scrolls labelled DOIZEZ ZEVIKK.
   636 | D:1      | 636 ||| READING scroll labelled KONESI NEOV.
   637 | D:1      | 637 ||| READING scroll labelled CAIZYCWETHREH.
   642 | D:1      | 642 ||| DRINKING 2 dark potions.
   643 | D:1      | 643 ||| READING 2 scrolls of identify.
   643 | D:1      | 643 ||| IDENTIFYING fuming black potion
   644 | D:1      | 644 ||| DROPPING scroll of butterflies.
   645 | D:1      | 645 ||| DROPPING potion of brilliance.
   646 | D:1      | 646 ||| DROPPING potion of invisibility.
   759 | D:2      | Reached skill level 1 in Armour
   759 | D:2      | Reached XP level 3. HP: 31/31 MP: 2/2
  1200 | D:2      | 1200 ||| READING scroll labelled LAMU DOQACS.
  1201 | D:2      | 1201 ||| READING 3 scrolls of identify.
  1201 | D:2      | 1201 ||| IDENTIFYING fuming dark potion
  1453 | D:3      | Reached XP level 4. HP: 38/38 MP: 3/3
  1669 | D:3      | 1669 ||| READING scroll labelled VANOTH EXZOREV.
  1670 | D:3      | 1670 ||| READING scroll labelled JAZXIL GEWN.
  1671 | D:3      | 1671 ||| READING 2 scrolls of identify.
  1671 | D:3      | 1671 ||| IDENTIFYING amethyst potion
  1707 | D:4      | Noticed a scorpion
  1707 | D:4      | Noticed a phantom
  1711 | D:4      | 1711 ||| STAIRDANCE
  1714 | D:3      | Killed a scorpion
  1715 | D:3      | Reached skill level 6 in Ranged Weapons
  1717 | D:3      | Reached XP level 5. HP: 40/45 MP: 4/4
  1737 | D:4      | Found a staircase to the Ecumenical Temple.
  1738 | D:4      | 1738 ||| PLANNING TEMPLE
  1747 | D:4      | Killed a phantom
  1754 | D:4      | Noticed a black bear
  1755 | D:4      | 1755 ||| FLEEEEING.
  1756 | D:4      | 1756 ||| FLEEEEING.
  1757 | D:4      | 1757 ||| FLEEEEING.
  1758 | D:4      | 1758 ||| FLEEEEING.
  1759 | D:4      | 1759 ||| FLEEEEING.
  1760 | D:4      | 1760 ||| FLEEEEING.
  1762 | D:4      | 1762 ||| FLEEEEING.
  1763 | D:4      | 1763 ||| FLEEEEING.
  1764 | D:4      | 1764 ||| STAIRDANCE
  1799 | D:4      | 1799 ||| STAIRDANCE
  1809 | D:3      | HP: 11/47 [black bear (9)]
  1810 | D:3      | 1810 ||| READING 2 scrolls of teleportation.
  1810 | D:3      | HP: 2/47 [black bear (4)]
  1810 | D:3      | Slain by a black bear

Levels and vault maps discovered:
D:1:      lemuel_arrival_room, layout_loops_ring
D:2:      layout_basic
D:3:      layout_rooms, serial_curves, eino_curves_04, eino_curves_04
D:4:      layout_basic, minmay_temple_entry_glass, uniq_eustachio, uniq_robin

Skill      XL: |  1  2  3  4  5 |
---------------+----------------+-----
Ranged Weapons | 5 6 |  6.6
Fighting       | 3 4 |  4.7
Armour         | 1 |  1.0
Dodging        | |  2.1
Stealth        | |  0.7

Action                     |  1- 3 |  4- 6 || total
---------------------------+-------+-------++-------
   Fire: Shortbow          |   109 |    43 ||   152
    Use: Scroll            |     6 |     4 ||    10
         Potion            |     1 |       ||     1
 Armour: Leather armour    |     5 |       ||     5
         Ring mail         |     4 |    23 ||    27
  Dodge: Dodged            |    19 |    28 ||    47

Table legend:
 A = Non-vault XP
 B = Vault XP
 C = Vault XP percentage of total XP
 D = Non-vault monster count
 E = Vault monster count
 F = Vault count percentage of total count
                 A         B        C        D         E       F
            +---------+---------+-------+---------+---------+-------
      Total |     334 |       0 |   0.0 |      65 |       0 |   0.0
            +---------+---------+-------+---------+---------+-------
        D:1 |      32 |       0 |   0.0 |      18 |       0 |   0.0
        D:2 |      35 |       0 |   0.0 |      24 |       0 |   0.0
        D:3 |     163 |       0 |   0.0 |      20 |       0 |   0.0
        D:4 |     104 |       0 |   0.0 |       3 |       0 |   0.0
            +---------+---------+-------+---------+---------+-------
